 Dungeon Crawl Stone Soup version bcrawl-1.13.4 (webtiles) character file.

Game seed: 9524320050313924408

39 Oxidus the Digger (level 3, 0/19 HPs)
             Began as a Vine Stalker Earth Elementalist on Aug 16, 2019.
             Slain by a leopard gecko (2 damage)
             ... on level 2 of the Dungeon.
             The game lasted 00:06:40 (833 turns).

Oxidus the Digger (Vine Stalker Earth Elementalist)  Turns: 833, Time: 00:06:40

Health: 0/19       AC:  2    Str: 10    XL:     3   Next: 47%
Magic:  7/7        EV: 13    Int: 16    God:
Gold:   61         SH:  0    Dex: 14    Spells: 3/7 levels left

rFire    . . .     SeeInvis .   f - +0 club
rCold    . . .     Gourm    .   (no shield)
rNeg     . . .     Faith    .   c - +0 robe
rPois    .         Spirit   .   (no helmet)
rElec    .         Reflect  .   (no cloak)
rCorr    .         Harm     .   (no gloves)
MR       .....                  (no boots)
Stlth    ++........             (no amulet)
HPRegen  0.46/turn              (no ring)
MPRegen  0.10/turn              (no ring)

@: no status effects
A: fangs 2, regeneration 1, no potion heal 3, rot immunity, strong jaws
a: no special abilities


You were on level 2 of the Dungeon.
You were hungry.

You visited 1 branch of the dungeon, and saw 2 of its levels.

You collected 61 gold pieces.

Inventory:

Hand Weapons
 f - a +0 club (weapon)
Missiles
 b - 197 stones (quivered)
Armour
 c - a +0 robe (worn)
Scrolls
 a - a scroll of blinking {unknown}
 e - 2 scrolls of identify
 h - a scroll of amnesia {unknown}
Comestibles
 d - a ration {!d}


   Skills:
 + Level 0.6 Maces & Flails
 + Level 2.4 Dodging
 + Level 3.2 Stealth
 + Level 2.5 Spellcasting
   Level 1.0 Transmutations
 + Level 3.6 Earth Magic


You had 3 spell levels left.
You knew the following spells:

 Your Spells              Type           Power        Failure   Level  Hunger
a - Sandblast             Erth           ##....       4%          1    #......
b - Stone Arrow           Conj/Erth      #.....       28%         3    ###....

Your spell library contained the following spells:

 Spells                   Type           Power        Failure   Level  Hunger
 Passwall                 Tmut/Erth      #.......     12%         2    ##.....
 Petrify                  Tmut/Erth      #.......     58%         4    #####..
 Lee's Rapid Deconstruct  Erth           ##........   77%         5    ######.


Dungeon Overview and Level Annotations

Branches:
Dungeon (2/12)

Altars:
Gozag


Innate Abilities, Weirdness & Mutations

You have extremely sharp teeth.
Your natural rate of healing is unusually fast.
Potions cannot restore your health.
You are immune to rotting.
Your bites deal extra damage.


Message History

You bump into the rock wall.
The leopard gecko misses you. The jackal barely misses you.
The leopard gecko barely misses you.
You bump into the rock wall.
The jackal misses you. The leopard gecko bites you.
The leopard gecko bites you but does no damage.
The jackal closely misses you.
The leopard gecko completely misses you.
You closely miss the leopard gecko.
You bite the leopard gecko, but do no damage.
The leopard gecko is lightly wounded.
You feel less invigorated.
You feel less confused. The leopard gecko misses you.
The jackal barely misses you. The leopard gecko barely misses you. x2
You hit the jackal but do no damage. The jackal bites you.
* * * LOW HITPOINT WARNING * * *
The leopard gecko closely misses you. The leopard gecko bites you.
* * * LOW HITPOINT WARNING * * *
The jackal barely misses you. The leopard gecko bites you.
You die...

### .. ..# .#
##.###.# ##. .
###.....# ... #.
#....(.## #.. #
#.##.#..##.###.#
#
#.........#.#.#
#
##.......#w#hl#
# #.........hl@#
#
#........##.###
####..#.#...##.#
......#.....##.#
..#......#..##..
......##.#..####
####........# #
#.......## #
##.#.....#


You could see a worm, 2 leopard geckos and 2 jackals.

Vanquished Creatures
  An ooze (D:1)
  2 worms (D:2)
  3 leopard geckos
  4 goblins (D:1)
  A hobgoblin (D:2)
  A jackal (D:2)
  4 bats
  A frilled lizard (D:1)
  2 kobolds (D:2)
  8 rats
27 creatures vanquished.

Notes
Turn   | Place    | Note
-------+----------+-------------------------------------------
     0 | D:1      | Oxidus the Vine Stalker Earth Elementalist began the quest
                  | for the Orb.
     0 | D:1      | Reached XP level 1. HP: 10/10 MP: 4/4
   159 | D:1      | Reached XP level 2. HP: 6/15 MP: 6/6
   479 | D:2      | Reached XP level 3. HP: 16/19 MP: 4/7
   484 | D:2      | Learned a level 3 spell: Stone Arrow
   529 | D:2      | Found an opulent altar of Gozag.
   833 | D:2      | Slain by a leopard gecko

Action                   || total
-------------------------++-------
Melee: Unarmed           ||     9
       Club              ||    63
       Bite              ||    10
Throw: Stone             ||     1
 Cast: Sandblast         ||    23
       Stone Arrow       ||     3
  Use: Scroll            ||     1
       Potion            ||     1
 Stab: Sleeping          ||     1
Armor: Robe              ||    19
Dodge: Dodged            ||    87
